 Dungeon Crawl Stone Soup version 0.28.0-53-g5a82cb258f (webtiles) character file.

Game seed: 9457777529419770261

81 mcbry74 the Cudgeller (level 4, -4/40 HPs)
             Began as a Minotaur Fighter on July 1, 2022.
             Killed by divine providence
             ... invoked by an orc priest
              (10 damage)
             ... on level 3 of the Dungeon.
             The game lasted 00:05:20 (1982 turns).

mcbry74 the Cudgeller (Minotaur Fighter)            Turns: 1982, Time: 00:05:20

Health: -4/40      AC:  8    Str: 21    XL:     4   Next: 20%
Magic:  3/3        EV: 13    Int:  7    God:
Gold:   97         SH:  0    Dex:  9    Spells: 3/3 levels left

rFire   . . .      SeeInvis .   a - +0 flail
rCold   . . .      Faith    .   c - +0 buckler
rNeg    . . .      Spirit   .   b - +0 scale mail
rPois   .          Reflect  .   (helmet restricted)
rElec   .          Harm     .   (no cloak)
rCorr   .          Rampage  .   (no gloves)
Will    .....                   n - +0 pair of boots
Stlth   ..........              (no amulet)
HPRegen 0.13/turn               h - +4 ring of evasion
MPRegen 0.08/turn               (no ring)

@: confused
A: horns 2, retaliatory headbutt
a: no special abilities


You were on level 3 of the Dungeon.
You visited 1 branch of the dungeon, and saw 3 of its levels.

You collected 97 gold pieces.

Inventory:

Hand Weapons
 a - a +0 flail (weapon)
Missiles
 f - 6 javelins
 i - 48 stones (quivered)
Armour
 b - a +0 scale mail (worn)
 c - a +0 buckler (worn)
 n - a +0 pair of boots (worn)
Jewellery
 h - a +4 ring of evasion (left hand)
Scrolls
 k - a scroll of immolation
Potions
 d - a potion of might
 e - a potion of berserk rage
 g - a potion of haste {unknown}
 l - a potion of attraction {unknown}
 m - a potion of brilliance {unknown}


   Skills:
 - Level 4.0 Fighting
 * Level 4.4 Maces & Flails
 + Level 0.9 Throwing
 - Level 4.0 Armour
 - Level 4.0 Shields


You had 3 spell levels left.
You didn't know any spells.
Your spell library contained the following spells:

 Spells                   Type           Power      Damage    Failure   Level
 Magic Dart               Conj           0%         1d3       85%         1
 Sting                    Tmut/Pois      0%         1d3       85%         1
 Call Imp                 Summ           0%         N/A       94%         2
 Ensorcelled Hibernation  Hex/Ice        0%         N/A       94%         2
 Passwall                 Tmut/Erth      0%         N/A       94%         2
 Poisonous Vapours        Pois/Air       0%         N/A       94%         2
 Scorch                   Fire           0%         2d5       94%         2
 Mephitic Cloud           Conj/Pois/Air  0%         N/A       99%         3
 Swiftness                Air            0%         N/A       99%         3
 Flame Wave               Conj/Fire      0%         2d4       100%        4
 Olgreb's Toxic Radiance  Pois           0%         N/A       100%        4
 Summon Cactus Giant      Summ           0%         N/A       100%        6


Dungeon Overview and Level Annotations

Branches:
Dungeon (3/15)

Altars:


Innate Abilities, Weirdness & Mutations

You have a pair of horns on your head.
You reflexively headbutt those who attack you in melee.


Message History

The orc priest hits you but does no damage.
You're too confused to move!
The orc wizard gestures at you while chanting.
You are more confused.
The orc priest looks encouraged for a moment.
You bump into the rock wall.
The orc wizard hits you but does no damage.
The orc priest hits you with a +0 hand axe of holy wrath.
You hit the orc priest. Your headbutt misses the orc priest.
The orc priest is almost dead.
The orc wizard casts a spell at you.
You are more confused.
The orc priest calls down the wrath of Beogh upon you.
Pain shoots through your body! The orc wizard closely misses you.
You bump into the rock wall.
The orc priest closely misses you. The orc wizard barely misses you.
You bump into the rock wall.
The orc priest hits you but does no damage.
The orc wizard barely misses you.
The orc priest invokes the aid of Beogh against you.
Beogh smites you!
You bump into the rock wall.
The orc priest calls down the wrath of Beogh upon you.
Beogh smites you!
* * * LOW HITPOINT WARNING * * *
The orc wizard misses you.
You miss the orc priest.
The orc priest is almost dead.
The orc priest looks satisfied for a moment.
The orc wizard barely misses you.
The orc priest looks satisfied for a moment.
You sock the orc wizard! Your headbutt misses the orc wizard.
The orc wizard is heavily wounded.
The orc priest looks satisfied for a moment.
The orc wizard hits you but does no damage.
You closely miss the orc wizard. Your headbutt misses the orc wizard.
The orc wizard is heavily wounded.
The orc priest calls down the wrath of Beogh upon you.
Beogh smites you!
You die...

... #.# #. #.# #.#. #.#
#.#.# #.# ##.#.#### #.####
........# #.##.##
........######.#...####..
................@o....'.. .
..........####.#.o.####....
..........# #.##...)......
........### #.##.#####.#..
#####...# #.##.# ##.##
...#.# #.# ...... #.#
...#.# ### #.# #.#


You could see an orc priest and an orc wizard.

Vanquished Creatures
  3 adders (D:2)
  A worm (D:2)
  2 dart slugs
  An orc (D:3)
  6 endoplasms
  5 goblins
  A hobgoblin (D:1)
  4 jackals (D:1)
  8 ball pythons
  5 bats
  4 frilled lizards
  6 kobolds
  6 rats
52 creatures vanquished.

Notes
Turn   | Place    | Note
-------+----------+-------------------------------------------
     0 | D:1      | mcbry74 the Minotaur Fighter began the quest for the Orb.
     0 | D:1      | Reached XP level 1. HP: 19/19 MP: 0/0
   214 | D:1      | You fall into a shaft and drop 1 floor!
   227 | D:1      | Reached XP level 2. HP: 27/27 MP: 1/1
   443 | D:1      | Found a faded altar of an unknown god.
   922 | D:2      | Reached XP level 3. HP: 33/33 MP: 2/2
  1396 | D:2      | Reached XP level 4. HP: 38/40 MP: 3/3
  1982 | D:3      | Killed from afar by an orc priest

Illustrated notes

Levels and vault maps discovered:
D:1:      wander_arrival_estate, layout_loops_ring,
          hellmonk_ecumenical_altar_blasted, minmay_tromino_i2
D:2:      layout_loops_corners
D:3:      layout_loops_corners, marbit_many_paths, serial_shops,
          nicolae_diamond_shop, gup_sewer_entry_spiral

Skill      XL: |  1  2  3 |
---------------+----------+-----
Armour         | 4 |  4.0
Shields        | 4 |  4.0
Fighting       | 4 |  4.0
Maces & Flails | 3 4 |  4.4
Throwing       | |  0.9

Action                   |  1- 3 |  4- 6 || total
-------------------------+-------+-------++-------
Melee: Flail             |    72 |    25 ||    97
       Headbutt          |     7 |     5 ||    12
Throw: Stone             |     8 |    14 ||    22
  Use: Scroll            |       |     1 ||     1
Armor: Scale mail        |    28 |    13 ||    41
Dodge: Dodged            |    19 |    19 ||    38
Block: Buckler           |    11 |     4 ||    15
